 Dungeon Crawl Stone Soup version 0.27.1-34-g3ba077fa99 (webtiles) character file.

Game seed: 16631411920987329792

2221 zeram the Cudgeller (level 9, -8/74 HPs)
             Began as a Troll Summoner on Jan 2, 2022.
             Was a Believer of Dithmenos.
             Mangled by an orc warrior (16 damage)
             ... on level 7 of the Dungeon.
             The game lasted 00:16:36 (6381 turns).

zeram the Cudgeller (Troll Summoner)                Turns: 6381, Time: 00:16:36

Health: -8/74      AC: 10    Str: 24    XL:     9   Next: 13%
Magic:  9/13       EV: 11    Int: 14    God:    Dithmenos [**....]
Gold:   327        SH:  0    Dex: 10    Spells: 5/15 levels left

rFire    . . .     SeeInvis .   C - +3 giant spiked club
rCold    . . .     Faith    .   (shield currently unavailable)
rNeg     + . .     Spirit   .   z - +1 troll leather armour
rPois    +         Reflect  .   (helmet restricted)
rElec    .         Harm     .   j - +2 cloak {rPois}
rCorr    .         Rampage  .   (gloves unavailable)
Will     .....                  (boots unavailable)
Stlth    +.........             (no amulet)
HPRegen  2.22/turn              g - +6 ring of strength
MPRegen  0.13/turn              y - ring of positive energy

@: hasted, wreathed by umbra, very quick
A: large, unfitting armour, claws 3, regeneration 1, shaggy fur 1, tough skin 1
a: Renounce Religion, Shadow Step


You were on level 7 of the Dungeon.
You worshipped Dithmenos.
Dithmenos was pleased with you.
You visited 2 branches of the dungeon, and saw 8 of its levels.
You also visited: Ossuary.

You collected 327 gold pieces.

Inventory:

Hand Weapons
 b - a +2 whip of venom
 C - a +3 giant spiked club (weapon)
Missiles
 e - 2 throwing nets
Armour
 a - a +1 robe
 j - a +2 cloak of poison resistance (worn)
 z - a +1 troll leather armour (worn)
Jewellery
 g - a +6 ring of strength (left claw)
 n - a ring of ice
 y - a ring of positive energy (right claw)
 B - a ring of protection from cold
Wands
 h - a wand of iceblast (8)
 k - a wand of digging (5)
Scrolls
 d - 4 scrolls of amnesia
 m - 4 scrolls of teleportation
 t - a scroll of blinking
 A - a scroll of magic mapping
Potions
 c - 4 potions of lignification
 f - 2 potions of degeneration
 i - 3 potions of curing
 l - 2 potions of attraction
 o - 2 potions of resistance
 p - 3 potions of brilliance
 q - 2 potions of haste
 r - a potion of magic
 s - a potion of flight {unknown}
 u - a potion of mutation {unknown}


   Skills:
 + Level 7.3 Maces & Flails
 + Level 6.0 Dodging
 - Level 1.0 Stealth
 + Level 3.8 Spellcasting
 + Level 5.6 Summonings


You had 5 spell levels left.
You knew the following spells:

 Your Spells              Type           Power      Damage    Failure   Level
a - Summon Small Mammal   Summ           72%        N/A       2%          1
b - Call Imp              Summ           18%        N/A       3%          2
c - Call Canine Familiar  Summ           18%        N/A       7%          3
d - Summon Lightning Spi  Summ/Air       10%        N/A       56%         4

Your spell library contained the following spells:

 Spells                   Type           Power      Damage    Failure   Level
 Foxfire                  Conj/Fire      8%         2x1d4     22%         1
 Summon Guardian Golem    Hex/Summ       10%        N/A       22%         3
 Conjure Flame            Conj/Fire      2%         6-21      56%         3
 Dazzling Flash           Conj/Hex       4%         N/A       56%         3
 Inner Flame              Hex/Fire       2%         N/A       56%         3
 Iskenderun's Mystic Bla  Conj/Tloc      2%         2d3       92%         4
 Petrify                  Tmut/Erth      2%         N/A       92%         4
 Metabolic Englaciation   Hex/Ice        1%         N/A       99%         5
 Starburst                Conj/Fire      1%         6d3       100%        6
 Statue Form              Tmut/Erth      1%         N/A       100%        6


Dungeon Overview and Level Annotations

Branches:
Dungeon (7/15)             Temple (1/1) D:4         Ossuary (visited)

Altars:
Ashenzari
Cheibriados
Dithmenos
Fedhas
Hepliaklqana
Kikubaaqudgha
Makhleb
Nemelex Xobeh
Okawaru
Qazlal
Ru
Sif Muna
Uskayaw
Vehumet
Wu Jian
Xom
Yredelemnul
Zin
The Shining One
Lugonu

Portals:
Abyss: D:4


Innate Abilities, Weirdness & Mutations

You are too large for most types of armour.
You have claws for hands.
Your natural rate of healing is unusually fast.
You are covered in fur. (AC +1)
You have tough skin. (AC +1)


Message History

The orc warrior hits you with a +3 dire flail!
* * * LOW HITPOINT WARNING * * *
Unknown command.
What are your orders? t - Shout!
Orders for allies: a - Attack new target. r - Retreat! s - Stop attacking. g - Guard the area. f - Follow me.
Anything else - Cancel.
Gang up on whom?
Press: ? - help, Dir - move target, f - orc warrior
Aim: an orc warrior, wielding a +3 dire flail and wearing a +0 plate armour (blue smoke, ally target, umbra) Attack!
Your crimson imp hits the orc warrior.
The orc priest barely misses your crimson imp.
Your white imp gestures at the orc warrior.
The puff of frost hits the orc warrior!
The orc warrior hits you with a +3 dire flail!!
* * * LOW HITPOINT WARNING * * *
Something hits your crimson imp!!
Your crimson imp dies!
Your crimson imp disappears in a puff of smoke!
You feel better.
Your white imp barely misses the orc warrior.
You hit the orc priest but do no damage.
The orc priest hits you but does no damage.
Your white imp hits the orc warrior but does no damage.
You barely miss the orc priest. The orc priest closely misses you.
The orc priest mumbles some strange prayers to Beogh against you.
Beogh smites you!
* * * LOW HITPOINT WARNING * * *
Unknown command.
You feel better.
The orc warrior hits you with a +3 dire flail!
* * * LOW HITPOINT WARNING * * *
Your white imp hits the orc priest but does no damage.
The orc priest hits you with a +0 dagger.
* * * LOW HITPOINT WARNING * * *
You feel yourself speed up.
The orc warrior hits you with a +3 dire flail!
You die...

#...............
###.###.####..####
#...# #.......# #
#.### #......## #
#.############ #
#....[..# #
##.#####.# ### #
#...### .... #
#.@...# ..... #
#.oo#.##...... #
##..5..)......
####.###..... #.#
..... #.## .....
#.##. #..#####
#.##.###.>.....
#.##.......###.


You could see an orc warrior (ally target), an orc priest and a friendly white
imp (summoned).

Vanquished Creatures
  A troll (D:6)
  2 water moccasins
  Duvessa (D:5)
  A black bear (D:4)
  An ice beast (D:5)
  A necrophage (D:7)
  2 ogres (D:6)
  A centaur (D:6)
  A phantom (D:3)
  A bullfrog (D:7)
  A wyvern zombie (D:5)
  A scorpion (D:5)
  Dowan (D:5)
  A water moccasin skeleton (D:4)
  A howler monkey (D:4)
  A centaur zombie (D:7)
  2 hounds (D:5)
  A jelly (D:4)
  Crazy Yiuf (D:2)
  2 centaur skeletons
  An iguana (D:6)
  Ijyb (D:3)
  Terence (D:2)
  A scorpion zombie (D:5)
  2 hound zombies (Ossuary)
  2 hound skeletons
  4 mummies (Ossuary)
  A howler monkey skeleton (D:6)
  9 adders
  2 gnolls (D:5)
  2 worms (D:4)
  6 dart slugs
  21 orcs
  5 endoplasms
  5 giant cockroaches
  4 gnoll zombies (Ossuary)
  11 goblins
  16 hobgoblins
  6 jackals
  3 quokkas
  7 ball pythons
  4 bats
  4 frilled lizards
  2 goblin zombies (Ossuary)
  A hobgoblin zombie (Ossuary)
  15 kobolds
  10 rats
  A rat zombie (Ossuary)
171 creatures vanquished.

Vanquished Creatures (collateral kills)
  An elf zombie (Ossuary)
  A bullfrog (D:6)
  An orc wizard (D:6)
  3 adders
  A worm (D:5)
  An orc (D:6)
  A gnoll zombie (Ossuary)
  A kobold (D:3)
10 creatures vanquished.

Vanquished Creatures (others)
  2 plants
2 creatures vanquished.

Grand Total: 183 creatures vanquished

Notes
Turn   | Place    | Note
-------+----------+-------------------------------------------
     0 | D:1      | zeram the Troll Summoner began the quest for the Orb.
     0 | D:1      | Reached XP level 1. HP: 16/16 MP: 1/1
   135 | D:1      | Reached XP level 2. HP: 7/24 MP: 2/2
   301 | D:1      | Learned a level 2 spell: Call Imp
   434 | D:1      | Reached skill level 3 in Maces & Flails
   434 | D:1      | Reached XP level 3. HP: 31/31 MP: 3/6
   439 | D:1      | Learned a level 3 spell: Call Canine Familiar
   908 | D:2      | Reached XP level 4. HP: 32/39 MP: 7/7
   977 | D:2      | Reached skill level 5 in Summonings
   997 | D:2      | Found a runed translucent door.
   998 | D:2      | Noticed Crazy Yiuf
  1051 | D:2      | Found a glowing golden altar of the Shining One.
  1246 | D:2      | Noticed Terence
  1258 | D:2      | Killed Terence
  1398 | D:2      | Found a faded altar of an unknown god.
  1679 | D:2      | Killed Crazy Yiuf
  1680 | D:2      | Reached skill level 4 in Maces & Flails
  1680 | D:2      | Reached XP level 5. HP: 30/45 MP: 0/8
  2217 | D:3      | Learned a level 4 spell: Summon Lightning Spire
  2295 | D:3      | Found an ornate altar of the Wu Jian Council.
  2448 | D:3      | Noticed a phantom
  2462 | D:3      | Found a sacrificial altar of Ru.
  2506 | D:3      | Killed a phantom
  2507 | D:3      | Reached XP level 6. HP: 45/53 MP: 3/9
  2839 | D:3      | Noticed Ijyb
  2847 | D:3      | Killed Ijyb
  2931 | D:4      | Found a hide-covered altar of Uskayaw.
  2962 | D:4      | Found a radiant altar of Vehumet.
  2987 | D:4      | Found a staircase to the Ecumenical Temple.
  3069 | Temple   | Entered the Ecumenical Temple
  3173 | D:4      | Reached XP level 7. HP: 53/59 MP: 7/11
  3238 | D:4      | Reached skill level 5 in Maces & Flails
  3268 | D:4      | Found a large runed translucent door.
  3268 | D:4      | Found a large runed translucent door.
  3271 | D:4      | Found a corrupted altar of Lugonu.
  3303 | D:4      | Found a one-way gate to the infinite horrors of the Abyss.
  3358 | D:4      | Found a shadowy altar of Dithmenos.
  3436 | D:4      | Became a worshipper of Dithmenos the Shadowed
  3477 | D:4      | Found a snail-covered altar of Cheibriados.
  3515 | D:4      | Found a sand-covered staircase.
  3520 | Ossuary  | Entered an ossuary
  3686 | Ossuary  | Reached skill level 5 in Dodging
  3947 | D:4      | Found a basalt altar of Yredelemnul.
  4095 | D:4      | Found a hazy altar of Hepliaklqana.
  4199 | D:5      | Entered Level 5 of the Dungeon
  4321 | D:5      | Reached * piety under Dithmenos
  4466 | D:5      | Noticed Duvessa
  4468 | D:5      | Noticed Dowan
  4487 | D:5      | Killed Duvessa
  4488 | D:5      | Reached XP level 8. HP: 35/67 MP: 12/12
  4509 | D:5      | Killed Dowan
  4510 | D:5      | Reached skill level 6 in Maces & Flails
  4729 | D:5      | Found a shimmering blue altar of Sif Muna.
  5338 | D:6      | Reached ** piety under Dithmenos
  5412 | D:6      | Noticed a troll
  5429 | D:6      | Killed a troll
  5643 | D:6      | Reached skill level 7 in Maces & Flails
  6019 | D:6      | Reached XP level 9. HP: 74/74 MP: 13/13
  6029 | D:6      | Found a sparkling altar of Nemelex Xobeh.
  6241 | D:7      | Found a glowing silver altar of Zin.
  6374 | D:7      | HP: 1/74 [orc warrior (21)]
  6381 | D:7      | Mangled by an orc warrior

Illustrated notes

Levels and vault maps discovered:
D:1:      elethiomel_arrival_infinity_welcomes_careful_drivers, layout_basic,
          serial_bayou_pond_a
D:2:      layout_loops_ring, shapermc_ecumenical_altar_acropolis, basic_altar,
          minmay_misc_feat_iff, uniq_crazy_yiuf_cottage, uniq_terence
D:3:      minmay_skewed_foursquare, layout_basic, general_overflow_altar,
          amcnicky_altar_gilded, uniq_ijyb
D:4:      due_chaos_kobolds, layout_cave_pools, kennysheep_slug_shrine,
          mainiacjoe_overflow_cross_hatched, nicolae_overflow_crystal_walls,
          nicolae_dithmenos_the_darkroom, nzn_hepliaklqana_mist_gate,
          marbit_many_paths, minmay_temple_entry_trees, enter_ossuary_2
D:5:      corexii_shantytown, layout_basic, mainiacjoe_overflow_alcove_2,
          uniq_duvessa
D:6:      layout_basic, nemelex_dance_club_becter
D:7:      layout_loops_cross, mainiacjoe_overflow_brackets
Temple:   corrupted_temple

Skill      XL: |  1  2  3  4  5  6  7  8  9 |
---------------+----------------------------+-----
Summonings     | 3 4 5 |  5.6
Maces & Flails | 3 4 5 7 |  7.3
Dodging        | 4 5 6 |  6.0
Spellcasting   | 3 |  3.8
Stealth        | |  1.0

Action                   |  1- 3 |  4- 6 |  7- 9 || total
-------------------------+-------+-------+-------++-------
Melee: Unarmed           |    26 |       |       ||    26
       Whip              |    50 |   306 |   373 ||   729
       Giant spiked club |       |       |    42 ||    42
 Cast: Summon Small Mamm |     1 |     1 |       ||     2
       Call Imp          |       |    15 |    22 ||    37
       Call Canine Famil |       |       |     2 ||     2
  Use: Scroll            |     3 |     4 |    15 ||    22
       Potion            |     1 |       |     3 ||     4
 Stab: Sleeping          |       |     2 |     3 ||     5
Armor: Robe              |    17 |   133 |   135 ||   285
       Troll leather arm |       |       |    25 ||    25
Dodge: Dodged            |    33 |   189 |   234 ||   456
